 Dungeon Crawl Stone Soup version 0.26-a0-784-g51bffae0b1 (webtiles) character file.

Game seed: 1940776366118519826

243 Majang the Skirmisher (level 5, -2/41 HPs)
             Began as a Demonspawn Gladiator on Nov 10, 2020.
             Was a Follower of Cheibriados.
             Slain by Grinder (5 damage)
             ... on level 3 of the Dungeon.
             The game lasted 00:09:40 (3943 turns).

Majang the Skirmisher (Demonspawn Gladiator)        Turns: 3943, Time: 00:09:40

Health: -2/41      AC:  5    Str: 17    XL:     5   Next: 82%
Magic:  6/6        EV: 13    Int: 11    God:    Cheibriados [*.....]
Gold:   160        SH:  0    Dex: 17    Spells: 4/4 levels left

rFire    . . .     SeeInvis .   a - +0 war axe
rCold    . . .     Faith    .   (no shield)
rNeg     . . .     Spirit   .   b - +0 leather armour
rPois    .         Reflect  .   c - +0 helmet
rElec    .         Harm     .   (no cloak)
rCorr    .         Rampage  .   k - +0 pair of gloves
MR       .....                  (no boots)
Stlth    +.........             p - amulet of magic regeneration
HPRegen  0.13/turn              (no ring)
MPRegen  0.35/turn              (no ring)

@: very slow
A: claws 2
a: Bend Time, Renounce Religion


You were on level 3 of the Dungeon.
You worshipped Cheibriados.
Cheibriados was aware of your devotion.
You visited 1 branch of the dungeon, and saw 3 of its levels.

You collected 160 gold pieces.

Inventory:

Hand Weapons
 a - a +0 war axe (weapon)
 l - a +0 flail of protection
 u - a +1 hand axe of freezing
Missiles
 d - a throwing net (quivered)
 s - 2 boomerangs
Armour
 b - a +0 leather armour (worn)
 c - a +0 helmet (worn)
 k - a +0 pair of gloves (worn)
Jewellery
 p - an amulet of magic regeneration (around neck)
Scrolls
 e - a scroll of enchant weapon {unknown}
 f - 2 scrolls of identify
 g - 2 scrolls of amnesia
 h - a scroll of random uselessness
 j - a scroll of teleportation {unknown}
 m - a scroll of remove curse
 o - a scroll of noise {unknown}
 q - a scroll of magic mapping
 t - a scroll of blinking {unknown}
 v - a scroll of immolation {unknown}
Potions
 i - a potion of attraction


   Skills:
 + Level 3.6 Fighting
 - Level 3.1 Axes
 - Level 1.7 Throwing
 - Level 2.6 Dodging
 * Level 3.5 Unarmed Combat
 + Level 2.5 Invocations


You had 4 spell levels left.
You didn't know any spells.
Your spell library was empty.

Dungeon Overview and Level Annotations

Branches:
Dungeon (3/15)

Altars:
Cheibriados
Dithmenos
Makhleb
Trog
Xom

Annotations:
D:3 Grinder


Innate Abilities, Weirdness & Mutations

You have very sharp fingernails.


Message History

Grinder closely misses you. Grinder hits you!
* * * LOW HITPOINT WARNING * * *
You writhe in agony.
* * * LOW HITPOINT WARNING * * *
You feel better. Grinder barely misses you.
You barely miss Grinder.
Grinder is moderately wounded.
Grinder barely misses you.
You barely miss Grinder.
Grinder is moderately wounded.
Grinder hits you!
* * * LOW HITPOINT WARNING * * *
You writhe in agony.
* * * LOW HITPOINT WARNING * * *
You feel better. Grinder hits you!
* * * LOW HITPOINT WARNING * * *
You hit Grinder.
Grinder is heavily wounded.
Grinder hits you.
You die...

*,**,,,,,,,,,,,,,,,* ##########
*,,,,≈≈≈,..P....(..# #.........
*,,,≈≈≈*≈≈.P.......# #.....†(..
*,,,≈*≈≈≈≈≈..♣.....# #.........
*,,,,**≈≈≈≈P.......# #.........
**,,,,*≈*≈.........# #.........
**,,,,,≈♣....P....# #.........
*,*,,,,.......5..# #.........
*,,,,,,.......@..# #.........
**,,,,,..........############.#
****,,,,,.########..........###.#
*,,,,,,,,,#......................
*,**,,,,,,#.######..........#####
*,**,,,,,,*,**####..........# #_
*,**,,,,,,*,,.........########*#.
*,**,,,,,,,>,.........'.......,#.
*,*********,..........###########


You could see Grinder.

Vanquished Creatures
  A water moccasin skeleton (D:3)
  A crimson imp (D:3)
  Natasha (D:3)
  4 gnolls
  3 adders
  2 worms (D:2)
  2 dart slugs
  A leopard gecko (D:2)
  4 orcs (D:3)
  4 giant cockroaches
  6 goblins
  4 hobgoblins
  3 jackals (D:1)
  A ball python (D:2)
  7 bats
  3 frilled lizards
  10 kobolds
  7 rats
64 creatures vanquished.

Vanquished Creatures (others)
  A plant (D:2)
1 creature vanquished.

Grand Total: 65 creatures vanquished

Notes
Turn   | Place    | Note
-------+----------+-------------------------------------------
     0 | D:1      | Majang the Demonspawn Gladiator began the quest for the
                  | Orb.
     0 | D:1      | Reached XP level 1. HP: 16/16 MP: 1/1
   462 | D:1      | Gained mutation: You have sharp fingernails. [demonic
                  | ancestry]
   462 | D:1      | Reached XP level 2. HP: 17/22 MP: 2/2
   824 | D:1      | Reached skill level 1 in Unarmed Combat
  1255 | D:1      | Reached XP level 3. HP: 26/28 MP: 3/3
  2004 | D:2      | Found a snail-covered altar of Cheibriados.
  2008 | D:2      | Became a worshipper of Cheibriados the Contemplative
  2018 | D:2      | Gained mutation: You have very sharp fingernails. [demonic
                  | ancestry]
  2018 | D:2      | Reached XP level 4. HP: 34/34 MP: 4/4
  2476 | D:1      | Reached skill level 1 in Invocations
  2770 | D:2      | Found a shadowy altar of Dithmenos.
  2770 | D:2      | Found a bloodstained altar of Trog.
  3027 | D:3      | Reached XP level 5. HP: 36/41 MP: 4/6
  3239 | D:3      | Noticed Natasha
  3247 | D:3      | Killed Natasha
  3416 | D:3      | Found a burning altar of Makhleb.
  3417 | D:3      | Found a shimmering altar of Xom.
  3711 | D:3      | Reached * piety under Cheibriados
  3922 | D:3      | Noticed Grinder
  3928 | D:3      | Paralysed by Grinder for 6 turns
  3941 | D:3      | HP: 2/41 [Grinder (4)]
  3943 | D:3      | Slain by Grinder

Illustrated notes

Levels and vault maps discovered:
D:1:      saegor_arrival_simple_b, layout_basic, minmay_misc_feat_roman,
          grunt_decor_fettered, minmay_pentomino_q4
D:2:      cheibrodos_old_hovel, layout_loops_cross,
          gammafunk_temple_overflow_wave, kennysheep_slug_shrine
D:3:      layout_basic, grunt_temple_overflow_champion_of_chaos,
          serial_bayou_pond_a, hangedman_decor_slide_cut, trog_book,
          uniq_natasha, uniq_grinder

Skill      XL: |  1  2  3  4  5 |
---------------+----------------+-----
Axes           | 3 |  3.1
Unarmed Combat | 1 2 3 |  3.5
Fighting       | 3 |  3.6
Invocations    | 1 2 |  2.5
Throwing       | |  1.7
Dodging        | |  2.6

Action                   |  1- 3 |  4- 6 || total
-------------------------+-------+-------++-------
Melee: War axe           |   108 |    94 ||   202
       Punch             |     1 |     1 ||     2
Throw: Boomerang         |       |     6 ||     6
       Throwing net      |       |     4 ||     4
  Use: Potion            |       |     5 ||     5
       Scroll            |       |     5 ||     5
Armor: Leather armour    |    34 |    22 ||    56
Dodge: Dodged            |    60 |    69 ||   129

Table legend: (Time is in decaauts)
 A = Elapsed time spent in this place.
 B = Non-inter-level travel time spent in this place.
 C = Inter-level travel time spent in this place.
 D = Time resting spent in this place.
 E = Time spent auto-exploring this place.
 F = Levels seen in this place.
 G = Mean time per level.
                   A        B        C        D        E       F      G
               +--------+--------+--------+--------+--------+-----+--------+
         Total |   4187 |   4149 |     38 |   1556 |   1932 |   3 | 1395.7 |
       Dungeon |   4187 |   4149 |     38 |   1556 |   1932 |   3 | 1395.7 |
               +--------+--------+--------+--------+--------+-----+--------+

Top non-repeatable levels by time:
     D:1: 1945 daAuts
     D:2: 1180 daAuts
     D:3: 1061 daAuts
